 Dungeon Crawl Stone Soup version 0.28-a0-2-g643f2454ad (webtiles) character file.

Game seed: 413487973666978693

3484 Blejac999 the Thaumaturge (level 10, 0/64 HPs)
             Began as a Djinni Conjurer on July 22, 2021.
             Was an Initiate of Cheibriados.
             Slain by a vampire mosquito (2 damage)
             ... on level 7 of the Dungeon.
             The game lasted 00:25:34 (9546 turns).

Blejac999 the Thaumaturge (Djinni Conjurer)         Turns: 9546, Time: 00:25:35

Health: 0/64       AC:  5    Str:  7    XL:     10   Next: 27%
Gold:   398        EV: 18    Int: 24    God:    Cheibriados [......] SH:  0 Dex: 19

rFire   + + +      SeeInvis .   k - +7 hand axe of Execution {vamp, rF+ rN++}
rCold   x . .      Faith    +   (no shield)
rNeg    + + .      Spirit   .   a - +0 robe
rPois   ∞          Reflect  .   (no helmet)
rElec   .          Harm     .   u - +1 cloak {rPois}
rCorr   .          Rampage  .   h - +0 pair of gloves
Will    +....      Clarity  +   (boots unavailable)
Stlth   +++.......              l - amulet of faith
HPRegen 0.20/turn               b - +4 ring of evasion
MPRegen 0.00/turn               c - +6 ring of dexterity

@: flying, very slow
A: sickness immunity, fire resistance 2, cold vulnerability 1, float, innate
caster, hp casting, extra vitality 1, clarity
a: Renounce Religion, Bend Time


You were on level 7 of the Dungeon.
You worshipped Cheibriados.
Cheibriados was noncommittal.
You visited 2 branches of the dungeon, and saw 8 of its levels.
You also visited: Sewer.

You collected 398 gold pieces.

Inventory:

Hand Weapons
 k - the +7 hand axe of Execution (weapon) {vamp, rF+ rN++}
   (You found it on level 4 of the Dungeon)

   It occasionally heals its wielder for a portion of the damage dealt when it
   wounds a living foe.
   rF:        It protects you from fire.
   rN:        It greatly protects you from negative energy.
Missiles
 d - 2 throwing nets
Armour
 a - a +0 robe (worn)
 h - a +0 pair of gloves (worn)
 u - a +1 cloak of poison resistance (worn)
Jewellery
 b - a +4 ring of evasion (left hand)
 c - a +6 ring of dexterity (right hand)
 f - a ring of see invisible
 l - an amulet of faith (around neck)
Scrolls
 g - a scroll of silence
 o - 3 scrolls of enchant weapon
Potions
 e - 3 potions of might
 j - a potion of resistance
 m - a potion of brilliance
 n - 2 potions of invisibility
 p - 3 potions of heal wounds {unknown}
 r - a potion of cancellation {unknown}
 s - a potion of haste {unknown}
 t - a potion of mutation


   Skills:
 + Level 1.8 Fighting
 + Level 1.0 Axes
 + Level 4.5 Dodging
 + Level 4.3 Stealth
 + Level 10.2 Spellcasting


You had 5 spell levels left.
You knew the following spells:

 Your Spells              Type           Power      Damage    Failure   Level
a - Magic Dart            Conj           100%       1d8       1%          1
b - Searing Ray           Conj           100%       3d7       1%          2
c - Dazzling Flash        Conj/Hex       100%       N/A       1%          3
d - Fulminant Prism       Conj/Hex       28%        3d14      1%          4
e - Iskenderun's Mystic   Conj/Tloc      57%        2d12      1%          4
f - Freeze                Ice            100%       1d11      1%          1
g - Passwall              Tmut/Erth      47%        N/A       1%          2
h - Vampiric Draining     Necr           28%        2d10      1%          3
i - Olgreb's Toxic Radia  Pois           57%        N/A       1%          4
Your spell library was empty.

Dungeon Overview and Level Annotations

Branches:
Dungeon (7/15)             Temple (1/1) D:7           Sewer (visited)

Altars:
Ashenzari
Cheibriados
Dithmenos
Elyvilon
Fedhas
Gozag
Hepliaklqana
Kikubaaqudgha
Makhleb
Nemelex Xobeh
Okawaru
Qazlal
Ru
Trog
Uskayaw
Vehumet
Wu Jian
Xom
Yredelemnul
Zin
The Shining One

Shops:
D:5 :


Innate Abilities, Weirdness & Mutations

You are immune to sickness and miasma.
You are immune to poison.
Your flesh is very heat resistant. (rF++)
You are vulnerable to cold. (rC-)
You float through the air rather than walking.
You learn spells naturally, not from books.
Your magical power is your life essence.
You have superior vitality. (+4 HP)
You possess an exceptional clarity of mind.


Message History

The searing ray hits the vampire mosquito!
The vampire mosquito is moderately damaged.
The vampire mosquito bites you. The vampire mosquito misses you.
The vampire mosquito barely misses you.
The searing ray hits the vampire mosquito!
The vampire mosquito is severely damaged.
The vampire mosquito misses you.
The vampire mosquito closely misses you.
The vampire mosquito misses you.
The vampire mosquito bites you but does no damage.
The searing ray hits the vampire mosquito!
The vampire mosquito is almost destroyed.
You finish channeling your searing ray.
The vampire mosquito bites you! The vampire mosquito misses you.
The vampire mosquito bites you.
* * * LOW HITPOINT WARNING * * *
The vampire mosquito misses you.
You feel better.
The vampire mosquito closely misses you.
The vampire mosquito misses you.
The vampire mosquito completely misses you.
The vampire mosquito barely misses you.
Casting: Searing Ray (safe; 1% risk of failure)
Confirm with . or Enter, or press ? or * to list all spells.
Aiming: Searing Ray (safe; 1% risk of failure)
Press: ? - help, Shift-Dir - straight line, f/p - vampire mosquito
Aim: a vampire mosquito (almost destroyed, 72% to hit)
The searing ray misses the vampire mosquito. (Press . to maintain the ray.)
The vampire mosquito bites you.
* * * LOW HITPOINT WARNING * * *
The vampire mosquito bites you.
* * * LOW HITPOINT WARNING * * *
The vampire mosquito misses you. The vampire mosquito bites you.
* * * LOW HITPOINT WARNING * * *
You feel better. The vampire mosquito bites you!
* * * LOW HITPOINT WARNING * * *
The vampire mosquito bites you!
* * * LOW HITPOINT WARNING * * *
The vampire mosquito bites you.
You die...

#......§§§§)......... #.o
#......§§§).......... ..
........§§.......#.## ..
##.......###.....#..# .#
.........#.........# #.###
#.#.............#####))..#..
#####.............#.........
##)...............#)).#
##..>.....##....@y..)####.#.
.....:....##...y)...........
..........##.[.....#......#.
..................####.####
........###.......#.##.###
.......#####........#.....
........#.......#.#......
........#.##....###.......
.........>.......##..#
.......


You could see 2 vampire mosquitoes.

Vanquished Creatures
  Pikel (D:4)
  Eustachio (D:5)
  3 yaks
  A vampire mosquito (D:7)
  A water moccasin (D:6)
  A sky beast (D:5)
  2 orc warriors (D:7)
  An ogre (D:6)
  A centaur (D:6)
  3 lemures (D:4)
  4 scorpions
  A wyvern skeleton (D:5)
  A water moccasin skeleton (D:4)
  10 wights
  A crimson imp (D:5)
  3 hounds
  A bullfrog zombie (D:5)
  A jelly (D:7)
  Crazy Yiuf (D:6)
  A bullfrog skeleton (D:5)
  A gnoll shaman (D:5)
  An orc priest (D:7)
  6 iguanas
  5 orc wizards
  2 killer bee zombies
  11 gnolls
  14 adders
  A river rat (D:6)
  A white imp (D:5)
  An ufetubus (D:6)
  2 worms (D:3)
  2 dart slugs
  17 orcs
  13 ball pythons
  4 bats
  6 endoplasms
  3 giant cockroaches
  6 hobgoblins
  23 jackals
  5 quokkas
  4 frilled lizards
  7 goblins
  13 kobolds
  A quokka skeleton (D:4)
  8 rats
196 creatures vanquished.

Vanquished Creatures (others)
  21 fulminant prisms
  8 plants (Sewer)
29 creatures vanquished.

Grand Total: 225 creatures vanquished

Notes
Turn   | Place    | Note
-------+----------+-------------------------------------------
     0 | D:1      | Blejac999 the Djinni Conjurer began the quest for the Orb.
     0 | D:1      | Reached XP level 1. HP: 15/15 MP: 0/0
   184 | D:1      | Reached XP level 2. HP: 15/21 MP: 0/0
   623 | D:1      | Reached XP level 3. HP: 19/25 MP: 0/0
   623 | D:1      | Learned a level 1 spell: Freeze
  1089 | D:1      | Reached skill level 4 in Spellcasting
  1928 | D:2      | Reached XP level 4. HP: 25/31 MP: 0/0
  2533 | D:3      | Found a burning altar of Makhleb.
  2551 | D:3      | Reached XP level 5. HP: 9/35 MP: 0/0
  2551 | D:3      | Learned a level 2 spell: Passwall
  2860 | D:2      | Identified a scroll of acquirement
  2860 | D:2      | Acquired a +4 ring of evasion
  3388 | D:3      | Reached skill level 5 in Spellcasting
  3717 | D:3      | Found Ecaal's Antique Armour Boutique.
  3850 | D:4      | Reached XP level 6. HP: 38/40 MP: 0/0
  3851 | D:4      | Identified the +7 hand axe of Execution {vamp, rF+ rN++}
  4403 | D:4      | Noticed Pikel
  4409 | D:4      | Killed Pikel
  4410 | D:4      | Reached skill level 6 in Spellcasting
  4410 | D:4      | Reached XP level 7. HP: 34/46 MP: 0/0
  4410 | D:4      | Learned a level 3 spell: Vampiric Draining
  4410 | D:4      | Reached XP level 8. HP: 38/51 MP: 0/0
  4680 | D:4      | Found a glowing silver altar of Zin.
  5115 | D:5      | Entered Level 5 of the Dungeon
  5240 | D:5      | Noticed a yak
  5240 | D:5      | Noticed a yak
  5240 | D:5      | Noticed a yak
  5244 | D:5      | Reached skill level 7 in Spellcasting
  5246 | D:5      | Killed a yak
  5246 | D:5      | Killed a yak
  5326 | D:4      | Killed a yak
  5469 | D:5      | Reached skill level 8 in Spellcasting
  5472 | D:5      | Reached XP level 9. HP: 42/56 MP: 0/0
  5472 | D:5      | Learned a level 4 spell: Olgreb's Toxic Radiance
  5612 | D:5      | Reached skill level 1 in Fighting
  5681 | D:5      | Noticed Eustachio
  5873 | D:5      | Found Tytakhie's Book Shoppe.
  6175 | D:5      | Killed Eustachio
  6176 | D:5      | Reached skill level 1 in Axes
  6242 | D:5      | Gained mutation: You possess an exceptional clarity of
                  | mind. [potion of mutation]
  6530 | D:5      | Found a basalt altar of Yredelemnul.
  6531 | D:5      | Found an iron altar of Okawaru.
  6597 | D:5      | Found a sacrificial altar of Ru.
  7029 | D:6      | Reached skill level 9 in Spellcasting
  7070 | D:6      | Found a glowing drain.
  7079 | Sewer    | Entered a sewer
  7960 | D:6      | Found a runed translucent door.
  7961 | D:6      | Noticed Crazy Yiuf
  8005 | D:6      | Killed Crazy Yiuf
  8297 | D:6      | Reached XP level 10. HP: 34/64 MP: 0/0
  8997 | D:7      | Found a staircase to the Ecumenical Temple.
  9010 | Temple   | Entered the Ecumenical Temple
  9355 | Temple   | Became a worshipper of Cheibriados the Contemplative
  9484 | D:7      | Reached skill level 10 in Spellcasting
  9546 | D:7      | HP: 2/64 [vampire mosquito (10)]
  9546 | D:7      | Slain by a vampire mosquito

Illustrated notes

Levels and vault maps discovered:
D:1:      dpeg_arrival_rhombus, layout_basic, dk_noncrumbling_3
D:2:      layout_rooms
D:3:      layout_basic, mainiacjoe_overflow_paths, serial_shops, shop
D:4:      layout_layer_cave, minmay_overflow_temple_star_quad,
          chequers_serial_rivers_room_b, uniq_pikel
D:5:      layout_cave_pools, gammafunk_temple_overflow_forgotten, serial_shops,
          nicolae_square_shop, minmay_fire_ice_demons, uniq_eustachio
D:6:      layout_gridville, portal_sewer_entry_b, grunt_decor_one_mirror,
          uniq_crazy_yiuf_cottage
D:7:      layout_cave_pools, minmay_temple_entry_offerings
Temple:   jpeg_temple_clearing

Skill      XL: |  1  2  3  4  5  6  7  8  9 10 |
---------------+-------------------------------+-----
Spellcasting   | 4 5 6 8 9 10 | 10.2
Stealth        | 2 3 4 |  4.3
Dodging        | 3 4 |  4.5
Fighting       | 1 |  1.8
Axes           | 1 |  1.0

Action                   |  1- 3 |  4- 6 |  7- 9 | 10-12 || total
-------------------------+-------+-------+-------+-------++-------
Melee: Hand axe          |       |     4 |       |       ||     4
 Cast: Magic Dart        |    78 |    95 |   132 |    30 ||   335
       Searing Ray       |     1 |     8 |    22 |    11 ||    42
       Passwall          |       |     1 |       |       ||     1
       Fulminant Prism   |       |     2 |    15 |     4 ||    21
       Iskenderun's Myst |       |       |     2 |       ||     2
  Use: Scroll            |       |     4 |     8 |     3 ||    15
       Potion            |       |     1 |     1 |     2 ||     4
Armor: Robe              |     3 |     3 |     5 |     4 ||    15
Dodge: Dodged            |    12 |    24 |    37 |    28 ||   101

Table legend: (Time is in decaauts)
 A = Elapsed time spent in this place.
 B = Non-inter-level travel time spent in this place.
 C = Inter-level travel time spent in this place.
 D = Time resting spent in this place.
 E = Time spent auto-exploring this place.
 F = Levels seen in this place.
 G = Mean time per level.
                   A        B        C        D        E       F      G
               +--------+--------+--------+--------+--------+-----+--------+
         Total |   9586 |   9208 |    378 |   2801 |   5100 |   9 | 1065.1 |
       Dungeon |   8759 |   8435 |    324 |   2732 |   4582 |   7 | 1251.3 |
        Temple |    174 |    120 |     54 |      0 |     68 |   1 |  174.0 |
         Sewer |    652 |    652 |      0 |     69 |    450 |   1 |  652.0 |
               +--------+--------+--------+--------+--------+-----+--------+

Top non-repeatable levels by time:
     D:4: 1815 daAuts
     D:1: 1784 daAuts
     D:6: 1345 daAuts
     D:5: 1184 daAuts
     D:3: 1109 daAuts
     D:2: 1031 daAuts
   Sewer: 652 daAuts
     D:7: 487 daAuts
  Temple: 174 daAuts
